 Dungeon Crawl Stone Soup version 0.31-a0-833-gc15d34cb79 (webtiles) character file.

Game seed: 5849165515050729415

233 LeprechaunX the Changeling (level 6, -7/41 HPs)
             Began as an Octopode Shapeshifter on Sept 25, 2023.
             Killed by divine providence
             ... invoked by an orc priest
              (11 damage)
             ... on level 4 of the Dungeon.
             The game lasted 00:03:14 (2631 turns).

LeprechaunX the Changeling (Octopode Shapeshifter)  Turns: 2631, Time: 00:03:15

Health: -7/41      AC:  1    Str: 16    XL:     6   Next: 4%
Magic:  6/6        EV: 13    Int: 12    God:
Gold:   137        SH:  4    Dex: 11    Spells: 5/5 levels left

rFire   . .          .
                       - Unarmed
rCold   . . .        m - +0 buckler
rNeg    . . .        (helmet currently unavailable)
rPois   .            (no amulet)
rElec   .            (no ring)
rCorr   .            (no ring)
SInv    .            (no ring)
Will    .....        (no ring)
Stlth   ++           (no ring)
HPRegen 0.26/turn    (no ring)
MPRegen 0.10/turn    (no ring)
                     (no ring)

%: no passive effects
@: beast-form
A: beast (slay +2), almost no armour, amphibious, 8 rings, camouflage 1,
gelatinous body 1, (nimble swimmer 1), tentacles
a: Begin Untransformation


You were on level 4 of the Dungeon.
You were a hulking beast.
You visited 1 branch of the dungeon, and saw 4 of its levels.

You collected 137 gold pieces.

Inventory:

Hand Weapons
 a - a +0 sling
Armour
 m - a +0 buckler (worn)
Jewellery
 p - a ring of ice
Talismans
 b - a beast talisman (active)
 c - a flux talisman
Scrolls
 e - 3 scrolls of immolation {unknown}
 j - 4 scrolls of vulnerability {unknown}
 l - 6 scrolls of identify {unknown}
 o - a scroll of brand weapon {unknown}
 q - a scroll of poison {unknown}
 r - a scroll of enchant armour {unknown}
Potions
 d - 6 potions of curing {unknown}
 f - 2 potions of lignification
 g - a potion of mutation {unknown}
 h - 3 potions of haste {unknown}
 i - a potion of resistance {unknown}
 k - a potion of degeneration {unknown}
 n - a potion of enlightenment {unknown}


   Skills:
 + Level 2.4 Fighting
 + Level 3.0 Dodging
 + Level 1.2 Shields
 + Level 3.8 Unarmed Combat
 * Level 4.4 Shapeshifting


You had 5 spell levels left.
You didn't know any spells.
Your spell library was empty.

Dungeon Overview and Level Annotations

Branches:
Dungeon (4/15)
 Temple: D:4-7

Altars:


Innate Abilities, Weirdness & Mutations

You are a hulking beast.
Your limbs bulge with bestial killing power. (Slay +2)
You cannot wear most types of armour.
You are amphibious.
You can wear up to eight rings at the same time.
Your skin changes colour to match your surroundings (Stealth+).
Your rubbery body absorbs attacks. (AC +1, EV +1)
((You are camouflaged when in or above water. (Stealth+)))
You have tentacles for arms and can constrict up to eight enemies at once.


Message History

You have reached level 6!
The orc shouts!
The orc wizard casts a spell.
The orc wizard flickers and vanishes!
Deactivating autopickup; reactivate with Ctrl-A.
You tentacle-slap the orc. You grab the orc.
The orc is moderately wounded.
You constrict the orc.
The orc hits you with a +1 dagger of electrocution.
You tentacle-slap the orc.
You kill the orc!
An orc priest comes into view. It is wielding a +0 hand axe.
You closely miss something. Something hits you.
You are too injured to fight recklessly!
You are too injured to fight recklessly!
You are too injured to fight recklessly!
You tentacle-slap something but do no damage.
Your squeeze misses something.
You hear some strange, mumbled words.
Something tries to affect you, but you resist.
You barely miss something.
You hear some strange, mumbled words.
Something tries to affect you, but you resist.
You tentacle-slap something. Something hits you.
The orc priest calls down the wrath of Beogh upon you.
Beogh smites you!
* * * LOW HITPOINT WARNING * * *
You barely miss something. Your squeeze misses something. Something hits you.
* * * LOW HITPOINT WARNING * * *
The orc priest looks encouraged for a moment.
You tentacle-slap something but do no damage.
Something hits you.
* * * LOW HITPOINT WARNING * * *
You tentacle-slap something.
Your tentacle-slap misses something.
Your squeeze misses something.
You hear some strange, mumbled words.
Something tries to affect you, but you resist.
The orc priest mumbles some strange prayers to Beogh against you.
Beogh smites you!
You die...

########.
#<.......
#..####..
#..# #..#
#†.##.##.
#........
#h###.##.
#)# # #o#
#o# #.#
#.# ...
###


You could see an orc priest and an orc.

Vanquished Creatures
  A scorpion (D:4)
  A jelly (D:2)
  Jessica (D:2)
  An iguana (D:4)
  An adder (D:3)
  2 worms
  3 dart slugs
  2 orcs
  7 endoplasms
  4 giant cockroaches (D:1)
  4 goblins
  7 hobgoblins
  6 jackals
  5 quokkas
  8 ball pythons
  7 bats
  A frilled lizard (D:1)
  7 kobolds
  2 rats
70 creatures vanquished.

Notes
Turn   | Place    | Note
-------+----------+-------------------------------------------
     0 | D:1      | LeprechaunX the Octopode Shapeshifter began the quest for
                  | the Orb.
     0 | D:1      | Reached XP level 1. HP: 13/13 MP: 1/1
   163 | D:1      | Reached XP level 2. HP: 3/18 MP: 2/2
   451 | D:1      | Reached XP level 3. HP: 12/23 MP: 3/3
  1179 | D:2      | Noticed Jessica
  1182 | D:2      | Killed Jessica
  1183 | D:2      | Reached XP level 4. HP: 29/29 MP: 4/4
  2063 | D:2      | Reached skill level 4 in Shapeshifting
  2167 | D:3      | Reached XP level 5. HP: 31/34 MP: 5/5
  2616 | D:4      | Reached skill level 1 in Shields
  2622 | D:4      | Reached XP level 6. HP: 25/41 MP: 6/6
  2631 | D:4      | Killed from afar by an orc priest

Illustrated notes

Levels and vault maps discovered:
D:1:      matt_arrival_los_fun, layout_basic
D:2:      layout_basic, uniq_jessica
D:3:      layout_rooms
D:4:      layout_basic, grunt_temple_overflow_open,
          minmay_temple_entry_overgrown

Skill      XL: |  1  2  3  4  5 |
---------------+----------------+-----
Fighting       | 2 |  2.4
Shapeshifting  | 4 |  4.4
Dodging        | 3 |  3.0
Shields        | 1 |  1.2
Unarmed Combat | |  3.8

Action                     |  1- 3 |  4- 6 || total
---------------------------+-------+-------++-------
  Melee: Unarmed           |    62 |    81 ||   143
         Tentacles         |    18 |    17 ||    35
         Constrict         |    19 |    20 ||    39
         Punch             |     2 |     2 ||     4
   Stab: Sleeping          |     4 |     6 ||    10
 Armour: Skin              |    31 |    32 ||    63
  Dodge: Dodged            |    36 |    37 ||    73
  Block: Buckler           |       |     9 ||     9

Table legend: (Time is in decaauts)
 A = Elapsed time spent in this place.
 B = Non-inter-level travel time spent in this place.
 C = Inter-level travel time spent in this place.
 D = Time resting spent in this place.
 E = Time spent auto-exploring this place.
 F = Levels seen in this place.
 G = Mean time per level.
                   A        B        C        D        E       F      G
               +--------+--------+--------+--------+--------+-----+--------+
         Total |   2624 |   2534 |     90 |     84 |   2014 |   4 |  656.0 |
       Dungeon |   2624 |   2534 |     90 |     84 |   2014 |   4 |  656.0 |
               +--------+--------+--------+--------+--------+-----+--------+

Top non-repeatable levels by time:
     D:1: 1161 daAuts
     D:2: 994 daAuts
     D:3: 447 daAuts
     D:4: 21 daAuts
